 Dungeon Crawl Stone Soup version 0.28.0-43-g3370ac3207 (webtiles) character file.

Game seed: 14188596436541856323

494 sizableburger the Poker (level 6, -4/47 HPs)
             Began as a Mummy Abyssal Knight on Mar 13, 2022.
             Was a Believer of Lugonu.
             Slain by a scorpion zombie (6 damage)
             ... on level 5 of the Dungeon.
             The game lasted 00:05:06 (3087 turns).

sizableburger the Poker (Mummy Abyssal Knight)      Turns: 3087, Time: 00:05:07

Health: -4/47      AC:  0    Str: 18    XL:     6   Next: 92%
Magic:  6/7        EV: 11    Int:  9    God:    Lugonu [**....]
Gold:   109        SH:  0    Dex: 13    Spells: 5/5 levels left

rFire   x . .      SeeInvis .   g - +0 trident
rCold   + . .      Faith    .   (no shield)
rNeg    + + +      Spirit   .   b - +0 leather armour
rPois   ∞          Reflect  .   (no helmet)
rElec   .          Harm     .   (no cloak)
rCorr   .          Rampage  .   a - +0 pair of gloves
Will    .....                   (no boots)
Stlth   +.........              (no amulet)
HPRegen 0.15/turn               (no ring)
MPRegen 0.10/turn               (no ring)

@: corroded
A: cold resistance 1, negative energy resistance 3, torment resistance 2, heat
vulnerability 1, no potions
a: Renounce Religion, Depart the Abyss, Bend Space


You were on level 5 of the Dungeon.
You worshipped Lugonu.
Lugonu was pleased with you.
You visited 1 branch of the dungeon, and saw 5 of its levels.
You visited the Abyss 1 time.

You collected 109 gold pieces.

Inventory:

Hand Weapons
 g - a +0 trident (weapon)
Missiles
 h - 5 boomerangs
 i - 6 poisoned darts
Armour
 a - a +0 pair of gloves (worn)
 b - a +0 leather armour (worn)
Jewellery
 c - an amulet of magic regeneration
Wands
 f - a wand of polymorph (8)
Scrolls
 d - a scroll of fog
 e - 3 scrolls of identify
 j - a scroll of brand weapon


   Skills:
 - Level 3.0 Fighting
 + Level 6.3 Polearms
 - Level 1.5 Armour
 - Level 0.7 Dodging
 - Level 1.5 Invocations


You had 5 spell levels left.
You didn't know any spells.
Your spell library was empty.

Dungeon Overview and Level Annotations

Branches:
Dungeon (5/15)
 Temple: D:4-7

Altars:

Annotations:
D:3 Grinder


Innate Abilities, Weirdness & Mutations

You are immune to poison.
Your flesh is cold resistant. (rC+)
You are immune to negative energy. (rN+++)
You are immune to unholy pain and torment.
You are vulnerable to heat. (rF-)
You do not drink.


Message History

The jelly is almost dead.
The jelly hits you. The acid corrodes you!
You are splashed with acid!
* * * LOW HITPOINT WARNING * * *
Unknown command.
You hit the jelly.
You kill the jelly!
Lugonu accepts your kill.
Okay, then.
Reach: g) +0 trident
Press: ? - help, Dir - move target, f - scorpion zombie
Aim: a scorpion zombie (about 21% to evade your +0 trident)
Okay, then.
Found a wooden wand.
Found 17 gold pieces.
Found a cloak.
Found a scroll of identify.
The scorpion zombie closely misses you.
You see here a wand of polymorph (8).
f - a wand of polymorph (8)
The scorpion zombie misses you. The centaur zombie hits you.
* * * LOW HITPOINT WARNING * * *
The centaur zombie closely misses you. The centaur zombie hits you.
* * * LOW HITPOINT WARNING * * *
The centaur zombie kicks you.
* * * LOW HITPOINT WARNING * * *
Okay, then.
Okay, then.
The centaur zombie closely misses you. x2
Aiming: Polymorph
Press: ? - help, Shift-Dir - straight line, f - centaur zombie
Aim: a centaur zombie (not susceptible)
Okay, then.
Okay, then.
You can't drink.
Space bends around you!
You blink.
The water moccasin zombie bites you.
* * * LOW HITPOINT WARNING * * *
The scorpion zombie hits you.
You die...

##### ####### ....###
#.....# ..(...#####
#.....#
.)..#.....######.....##
.......##...§.ZZ......#
....##.########Z@.....#
....##................#
....#######$..........#
....######............#
............###.......#
.....<...........######
.................#
.................#
....[..#.#####


You could see a water moccasin zombie, a scorpion zombie and a centaur zombie.

Vanquished Creatures
  Sigmund (D:2)
  A necrophage (D:3)
  A scorpion (D:2)
  A hound (D:5)
  A jelly (D:5)
  Terence (D:3)
  Jessica (D:3)
  An adder (D:2)
  3 worms (D:2)
  3 dart slugs (D:1)
  An orc (D:3)
  4 bats
  2 endoplasms (D:1)
  7 giant cockroaches
  5 goblins
  5 hobgoblins
  4 kobolds
  A quokka (D:2)
  6 ball pythons
  5 frilled lizards
  8 rats
62 creatures vanquished.

Notes
Turn   | Place    | Note
-------+----------+-------------------------------------------
     0 | Abyss:1  | sizableburger the Mummy Abyssal Knight began the quest for
                  | the Orb.
     0 | Abyss:1  | Reached XP level 1. HP: 18/18 MP: 2/2
    61 | D:1      | Escaped the Abyss
   186 | D:1      | Reached skill level 2 in Polearms
   215 | D:1      | Reached XP level 2. HP: 21/24 MP: 3/3
   795 | D:1      | Reached ** piety under Lugonu
   975 | D:1      | Reached XP level 3. HP: 24/29 MP: 4/4
  1271 | D:2      | Reached skill level 3 in Polearms
  1925 | D:2      | Noticed Sigmund
  1933 | D:2      | Killed Sigmund
  1934 | D:2      | Reached skill level 5 in Polearms
  1934 | D:2      | Reached XP level 4. HP: 27/35 MP: 5/5
  1934 | D:2      | Reached XP level 5. HP: 32/41 MP: 6/6
  2149 | D:2      | Found a faded altar of an unknown god.
  2204 | D:2      | Reached XP level 6. HP: 31/47 MP: 7/7
  2661 | D:3      | Noticed Jessica
  2669 | D:3      | Killed Jessica
  2766 | D:3      | Noticed Terence
  2787 | D:3      | Killed Terence
  2788 | D:3      | Reached skill level 6 in Polearms
  3019 | D:3      | Noticed Grinder
  3034 | D:5      | Entered Level 5 of the Dungeon
  3087 | D:5      | HP: 2/47 [water moccasin zombie (2)]
  3087 | D:5      | Slain by a scorpion zombie

Illustrated notes

Levels and vault maps discovered:
D:1:      minmay_arrival_checkered_box, layout_rooms, kennysheep_boxes
D:2:      layout_loops_ring, hellmonk_ecumenical_altar_leap_of_faith,
          uniq_sigmund
D:3:      layout_rooms, serial_rivers, chequers_serial_rivers_marsh,
          chequers_serial_rivers_micro_c, chequers_serial_rivers_small_a,
          chequers_serial_rivers_micro_a, nicolae_figureground_sparkle,
          uniq_terence, uniq_grinder, uniq_jessica
D:4:      layout_rooms
D:5:      layout_rooms

Skill      XL: |  1  2  3  4  5  6 |
---------------+-------------------+-----
Polearms       | 2 5 6 |  6.3
Fighting       | |  3.0
Armour         | |  1.5
Dodging        | |  0.7
Invocations    | |  1.5

Action                   |  1- 3 |  4- 6 || total
-------------------------+-------+-------++-------
Melee: Spear             |    75 |       ||    75
       Punch             |     1 |       ||     1
       Trident           |    65 |    96 ||   161
Invok: Bend Space        |       |     1 ||     1
  Use: Scroll            |     3 |     1 ||     4
Armor: Leather armour    |    28 |    18 ||    46
Dodge: Dodged            |    69 |    52 ||   121
